Map: El Dorado

Players

zahin

  • Race: Zerg Zerg
  • League: Silver
  • Spawn Location: 7:00

wootwoot - Winner!

  • Race: Zerg Zerg
  • League: Silver
  • Spawn Location: 5:00

VOD

Have the link to the VOD?

Description

Time

  • Played on: April 1, 2025, 4:58 p.m.
  • Length: 3:02
Show
View Real Time Build Order
Export as new Build Order

zahin Zerg 

Build Orders: Hatch First 

Get SALT Encoding   

  12  0:01  Drone  
  13  0:09  Drone  
  14  0:17  Overlord  
  14  0:35  Drone x2  
  14  0:36  Drone  
  17  0:50  Drone  
  17  0:57  Hatchery  
  17  1:02  Drone  
  18  1:04  Extractor  
  17  1:16  Spawning Pool, Drone  
  17  1:22  Drone  
  18  1:30  Drone  
  19  1:45  Drone  
  20  1:52  Drone  
  21  2:13  Zergling x6  
  21  2:15  Queen  
  17  2:51  Hatchery  
Show
View Real Time Build Order
Export as new Build Order

wootwoot Zerg - Winner!

Build Orders: Pool First 

Get SALT Encoding   

  12  0:00  Drone  
  13  0:08  Drone  
  13  0:14  Extractor  
  13  0:29  Spawning Pool  
  13  0:32  Drone  
  13  0:37  Drone  
  14  0:47  Overlord  
  14  1:16  Zergling x6, Metabolic Boost  
  17  1:28  Zergling x2  
  17  1:32  Queen  
  18  1:39  Zergling x2  
  21  1:49  Zergling x2  
  22  2:07  Overlord  
  22  2:26  Zergling x4  
  24  2:33  Zergling x2  
  24  2:43  Zergling x2  
  24  2:44  Zergling x4  
  27  2:55  Hatchery  
Tags
 
Matchup
ZvZ
Race
Zerg
Replay Pack
B2M-Replays
Spawn Locations
Close Positions
Add a new tag
Caveats
  • Supply blocks, unpowered buildings, or Contaminate may cause inaccurate times.
  • Supply counts are checked every 10 seconds.